 Dungeon Crawl Stone Soup version 0.30-a0-643-g638baaf3f0 (webtiles) character file.

Game seed: 5805490849788195329

588 Absynth the Spear-Bearer (level 7, 0/55 HPs)
             Began as a Merfolk Gladiator on Jan 16, 2023.
             Was an Initiate of Okawaru.
             Slain by a centaur
             ... wielding a +0 dagger
              (2 damage)
             ... on level 5 of the Dungeon.
             The game lasted 00:21:36 (4073 turns).

Absynth the Spear-Bearer (Merfolk Gladiator)        Turns: 4073, Time: 00:21:37

Health: 0/55       AC:  8    Str: 15    XL:     7   Next: 38%
Magic:  7/7        EV: 14    Int:  9    God:    Okawaru [......]
Gold:   139        SH:  3    Dex: 15    Spells: 6/6 levels left

rFire   . . .      SeeInvis .    a - +0 trident
rCold   . . .      Faith    .    p - +0 buckler
rNeg    . . .      Spirit   .    b - +0 leather armour
rPois   .          Reflect  .    c - +0 helmet
rElec   .          Harm     .    (no cloak)
rCorr   .          Rampage  .    (no gloves)
Will    .....                    (no boots)
Stlth   +                        (no amulet)
HPRegen 0.29/turn                w - +4 ring of protection
MPRegen 0.10/turn                (no ring)

@: no status effects
A: (nimble swimmer 2), mertail
a: Renounce Religion


You were on level 5 of the Dungeon.
You worshipped Okawaru.
Okawaru was noncommittal.
You visited 1 branch of the dungeon, and saw 6 of its levels.

You collected 281 gold pieces.
You spent 142 gold pieces at shops.

Inventory:

Hand Weapons
 a - a +0 trident (weapon)
Missiles
 d - 3 throwing nets (quivered)
 e - a javelin
Armour
 b - a +0 leather armour (worn)
 c - a +0 helmet (worn)
 p - a +0 buckler (worn)
Jewellery
 w - a +4 ring of protection (left hand)
Wands
 s - a wand of polymorph (3)
 v - a wand of paralysis (8)
Scrolls
 f - a scroll of magic mapping {unknown}
 h - 2 scrolls of vulnerability {unknown}
 k - 2 scrolls of identify {unknown}
 n - 2 scrolls of enchant weapon {unknown}
 o - a scroll of teleportation {unknown}
 q - a scroll of enchant armour {unknown}
 r - a scroll of brand weapon {unknown}
 y - a scroll of silence {unknown}
Potions
 g - 2 potions of lignification {unknown}
 i - 3 potions of curing {unknown}
 j - 2 potions of resistance {unknown}
 l - a potion of magic {unknown}
 m - a potion of flight {unknown}
 t - a potion of mutation {unknown}
 u - a potion of invisibility
 x - 2 potions of heal wounds {unknown}
 z - a potion of berserk rage {unknown}
 A - a potion of might {unknown}


   Skills:
 + Level 4.6 Fighting
 * Level 8.0 Polearms
 - Level 2.1 Throwing
 + Level 6.3 Dodging
 + Level 0.9 Invocations


You had 6 spell levels left.
You didn't know any spells.
Your spell library contained the following spells:

 Spells                   Type           Power      Damage    Failure   Level
 Beastly Appendage        Tmut           0%         N/A       56%         1
 Foxfire                  Conj/Fire      0%         2x1d4     56%         1
 Ensorcelled Hibernation  Hex/Ice        0%         N/A       71%         2
 Passwall                 Tmut/Erth      0%         N/A       71%         2
 Sublimation of Blood     Necr           0%         N/A       71%         2
 Wereblood                Tmut           0%         N/A       71%         2
 Spider Form              Tmut/Pois      0%         N/A       91%         3
 Swiftness                Air            0%         N/A       91%         3
 Petrify                  Tmut/Erth      0%         N/A       100%        4
 Fireball                 Conj/Fire      0%         3d3       100%        5
 Irradiate                Conj/Tmut      0%         3d11      100%        5
 Starburst                Conj/Fire      0%         6d3       100%        6


Dungeon Overview and Level Annotations

Branches:
Dungeon (6/15)             Temple (0/1) D:5

Altars:
Kikubaaqudgha
Okawaru
Ru
Trog
Yredelemnul
Zin

Shops:
D:3 (   D:4 *   D:6 !


Innate Abilities, Weirdness & Mutations

((You are very nimble when in or above water. (Stealth+, EV+, Speed+++)))
Your lower body shifts to a powerful aquatic tail in water.


Message History

The centaur shoots an arrow.
The arrow hits you!
The centaur shoots an arrow.
You block the arrow.
You close the door.
Something unseen opens the door.
You hit the centaur.
The centaur is moderately wounded.
The centaur drinks a potion.
The centaur flickers and vanishes!
Deactivating autopickup; reactivate with Ctrl-A.
You hit something. Something hits you! Something kicks you but does no damage.
You hit something but do no damage. Something hits you but does no damage.
Something completely misses you. Something hits you.
Something kicks you but does no damage.
You hit something. Something hits you. Something kicks you but does no damage.
You hit something but do no damage. Something hits you!
Something kicks you but does no damage. Something hits you but does no damage.
Something kicks you but does no damage.
You hit something. Something barely misses you. x2
You hit something but do no damage. Something hits you.
Something kicks you but does no damage. Something hits you.
Something kicks you.
You barely miss something. Something hits you but does no damage.
Something kicks you but does no damage.
You barely miss something. Something hits you but does no damage.
Something kicks you.
* * * LOW HITPOINT WARNING * * *
Something hits you but does no damage. Something kicks you.
* * * LOW HITPOINT WARNING * * *
You barely miss something. You block something's attack.
Something kicks you but does no damage.
You miss something. Something hits you.
* * * LOW HITPOINT WARNING * * *
Something kicks you but does no damage.
You hit something but do no damage. Something hits you.
* * * LOW HITPOINT WARNING * * *
Something kicks you.
* * * LOW HITPOINT WARNING * * *
Something hits you.
* * * LOW HITPOINT WARNING * * *
Something kicks you.
You die...

#..##........~~≈≈~..#
#..##........~≈≈~~..#
#..##..######~≈≈~...#
#..###+# .~~~....#
#...#..# ..#.....##
#...#..+ ...#.....#
#..##..# ....+.....#
#..##..###'###.....'
#.....@#...... ####
#......{...... #>..
#......#...... #...
#......#...... #...
######## ..... #...
##### ####


There were no monsters in sight!

Vanquished Creatures
  Grinder (D:3)
  A sky beast (D:4)
  A scorpion (D:5)
  2 hounds
  2 orc wizards (D:6)
  4 adders
  A white imp (D:4)
  A worm (D:3)
  3 dart slugs
  8 orcs
  8 endoplasms
  4 giant cockroaches
  8 goblins
  9 hobgoblins
  2 jackals (D:1)
  7 kobolds
  A quokka (D:2)
  9 ball pythons
  7 bats
  4 frilled lizards
  A rat (D:3)
84 creatures vanquished.

Vanquished Creatures (others)
  11 fungi (D:4)
  A plant (D:4)
12 creatures vanquished.

Grand Total: 96 creatures vanquished

Notes
Turn   | Place    | Note
-------+----------+-------------------------------------------
     0 | D:1      | Absynth the Merfolk Gladiator began the quest for the Orb.
     0 | D:1      | Reached XP level 1. HP: 16/16 MP: 1/1
    95 | D:1      | Reached XP level 2. HP: 23/23 MP: 2/2
   486 | D:1      | Reached XP level 3. HP: 28/28 MP: 3/3
   721 | D:2      | Reached skill level 5 in Polearms
   721 | D:2      | Reached XP level 4. HP: 17/34 MP: 4/4
  1362 | D:3      | Found Cuenajis's Antique Weapon Shop.
  1556 | D:3      | You fall into a shaft and drop 3 floors!
  1692 | D:6      | Reached skill level 5 in Dodging
  1706 | D:6      | Reached XP level 5. HP: 31/41 MP: 5/5
  1747 | D:6      | Reached skill level 6 in Polearms
  1807 | D:6      | Found Liuladiec's Distillery.
  1810 | D:6      | Bought a potion of haste for 130 gold pieces
  1875 | D:5      | Entered Level 5 of the Dungeon
  1902 | D:5      | Found an iron altar of Okawaru.
  1922 | D:5      | Became a worshipper of Warmaster Okawaru
  1945 | D:5      | Noticed a centaur
  2021 | D:5      | Found a basalt altar of Yredelemnul.
  2025 | D:5      | Reached XP level 6. HP: 48/48 MP: 6/6
  2218 | D:4      | Found a sacrificial altar of Ru.
  2218 | D:4      | Found a bloodstained altar of Trog.
  2218 | D:4      | Found a glowing silver altar of Zin.
  2218 | D:4      | Found an ancient bone altar of Kikubaaqudgha.
  2454 | D:3      | Noticed Grinder
  2505 | D:3      | HP: 2/48 [Grinder/nerve-wracking pain (1)]
  2508 | D:3      | Paralysed by Grinder for 4 turns
  3113 | D:3      | Paralysed by Grinder for 3 turns
  3122 | D:3      | Paralysed by Grinder for 4 turns
  3129 | D:3      | Killed Grinder
  3130 | D:3      | Reached skill level 7 in Polearms
  3130 | D:3      | Reached XP level 7. HP: 11/55 MP: 7/7
  3416 | D:4      | Found Onluso's General Store.
  3429 | D:4      | Bought a scroll of noise for 12 gold pieces
  3791 | D:4      | Reached skill level 8 in Polearms
  3974 | D:5      | Found a staircase to the Ecumenical Temple.
  4073 | D:5      | HP: 2/55 [something (1)]
  4073 | D:5      | Slain by a centaur

Illustrated notes

Levels and vault maps discovered:
D:1:      lightli_molten_gateway, layout_loops_ring, hangedman_glass_teeth
D:2:      layout_rooms, minmay_diced_spiral
D:3:      layout_basic, serial_shops, nicolae_shop_trees, uniq_grinder
D:4:      layout_basic, fedhas_altar_3, nicolae_overflow_hidden_temple,
          serial_shops, nicolae_shop_advertising_works
          [nicolae_subvault_shop_adworks]
D:5:      wander_river, layout_gridville, mainiacjoe_overflow_catwalk,
          mainiacjoe_overflow_boulevard, minmay_temple_entry_enclosed_plants,
          chequers_serial_rivers_large_b, grunt_decor_cap
D:6:      cheibrodos_quashed, layout_basic, nicolae_vehumet_radiance,
          serial_shops, nicolae_shop_behind_doors, chequers_mini_garden

Skill      XL: |  1  2  3  4  5  6  7 |
---------------+----------------------+-----
Polearms       | 5 6 7 8 |  8.0
Fighting       | 3 4 |  4.6
Dodging        | 5 6 |  6.3
Throwing       | |  2.1
Invocations    | |  0.9

Action                   |  1- 3 |  4- 6 |  7- 9 || total
-------------------------+-------+-------+-------++-------
Melee: Trident           |    88 |   211 |    71 ||   370
       Punch             |       |     1 |       ||     1
Throw: Throwing net      |       |     3 |       ||     3
  Use: Potion            |       |     1 |       ||     1
 Stab: Sleeping          |     2 |       |       ||     2
Armor: Leather armour    |    22 |    42 |    32 ||    96
Dodge: Dodged            |    37 |   102 |    17 ||   156
Block: Buckler           |       |     2 |     5 ||     7

Table legend: (Time is in decaauts)
 A = Elapsed time spent in this place.
 B = Non-inter-level travel time spent in this place.
 C = Inter-level travel time spent in this place.
 D = Time resting spent in this place.
 E = Time spent auto-exploring this place.
 F = Levels seen in this place.
 G = Mean time per level.
                   A        B        C        D        E       F      G
               +--------+--------+--------+--------+--------+-----+--------+
         Total |   4029 |   3955 |     74 |    456 |   1887 |   6 |  671.5 |
       Dungeon |   4029 |   3955 |     74 |    456 |   1887 |   6 |  671.5 |
               +--------+--------+--------+--------+--------+-----+--------+

Top non-repeatable levels by time:
     D:3: 1127 daAuts
     D:2: 835 daAuts
     D:1: 651 daAuts
     D:5: 562 daAuts
     D:4: 533 daAuts
     D:6: 319 daAuts
